 Dungeon Crawl Stone Soup version 0.30-a0-626-gd6a5dd7a1f (webtiles) character file.

Game seed: 8739990067004042570

336 Newt the Skirmisher (level 6, -3/40 HPs)
             Began as a Kobold Hunter on Jan 11, 2023.
             Was an Initiate of Yredelemnul.
             Shot with an arrow by a centaur (8 damage)
             ... on level 5 of the Dungeon.
             The game lasted 00:03:46 (4180 turns).

Newt the Skirmisher (Kobold Hunter)                 Turns: 4180, Time: 00:03:47

Health: -3/40      AC:  9    Str:  8    XL:     6   Next: 84%
Magic:  6/6        EV: 10    Int: 11    God:    Yredelemnul [......]
Gold:   190        SH:  0    Dex: 20    Spells: 5/5 levels left

rFire   . . .      SeeInvis .    a - +1 shortbow
rCold   + . .      Faith    .    (shield currently unavailable)
rNeg    . . .      Spirit   .    u - +3 scale mail {rC+}
rPois   .          Reflect  .    (no helmet)
rElec   .          Harm     .    (no cloak)
rCorr   .          Rampage  .    (no gloves)
Will    .....                    (no boots)
Stlth   ++                       (no amulet)
HPRegen 0.26/turn                (no ring)
MPRegen 0.10/turn                (no ring)

@: no status effects
A: small, no large weapons, nightstalker 3
a: Renounce Religion, Recall Undead Harvest


You were on level 5 of the Dungeon.
You worshipped Yredelemnul.
Yredelemnul was noncommittal.
You visited 1 branch of the dungeon, and saw 5 of its levels.

You collected 268 gold pieces.
You spent 78 gold pieces at shops.

Inventory:

Hand Weapons
 a - a +1 shortbow (weapon)
Armour
 c - a +0 leather armour
 u - a +3 scale mail of cold resistance (worn)
Wands
 q - a wand of paralysis (7)
Scrolls
 b - 3 scrolls of immolation
 d - 3 scrolls of fog
 e - a scroll of noise
 f - 2 scrolls of vulnerability
 h - a scroll of amnesia
 r - a scroll of identify
 s - a scroll of blinking {unknown}
 v - 2 scrolls of teleportation
Potions
 g - a potion of curing
 i - a potion of mutation
 j - a potion of might {unknown}
 k - 2 potions of ambrosia {unknown}
 l - 3 potions of flight {unknown}
 m - a potion of invisibility {unknown}
 n - a potion of lignification {unknown}
 o - a potion of cancellation {unknown}
 p - a potion of brilliance {unknown}
 t - 2 potions of resistance {unknown}


   Skills:
 - Level 5.0 Fighting
 - Level 8.0 Ranged Weapons
 + Level 2.5 Dodging
 - Level 3.0 Stealth


You had 5 spell levels left.
You didn't know any spells.
Your spell library contained the following spells:

 Spells                   Type           Power      Damage    Failure   Level
 Ensorcelled Hibernation  Hex/Ice        0%         N/A       99%         2
 Passwall                 Tmut/Erth      0%         N/A       99%         2
 Swiftness                Air            0%         N/A       100%        3
 Borgnjor's Revivificati  Necr           0%         N/A       100%        8
 Necromutation            Tmut/Necr      0%         N/A       100%        8
 Death's Door             Necr           0%         N/A       100%        9


Dungeon Overview and Level Annotations

Branches:
Dungeon (5/15)             Temple (0/1) D:5

Altars:
Okawaru
Yredelemnul

Shops:
D:2 ?*

Annotations:
D:5 2 runed translucent doors


Innate Abilities, Weirdness & Mutations

You are small and have problems with some larger weapons.
You are completely attuned to the shadows.


Message History

You feel sick.
You hear a twanging sound.
The hound stops to sniff the ground.
The scorpion completely misses you.
The scorpion stings you but does no damage.
You hear a twanging sound.
You shoot an arrow.
The arrow hits the scorpion but does no damage.
The scorpion is heavily wounded.
You feel sick.
You hear a twanging sound.
The scorpion stings you but does no damage.
The scorpion stings you.
* * * LOW HITPOINT WARNING * * *
You hear a twanging sound.
Fire: a) +1 shortbow
Press: ? - help, Shift-Dir - straight line, f - ice beast, p - scorpion
Aim: an ice beast (69% to hit)
You shoot an arrow. The arrow hits the scorpion.
The scorpion is severely wounded.
You feel sick.
You are no longer poisoned.
You hear a twanging sound.
The scorpion barely misses you. x2
Okay, then.
You swap places.
A centaur comes into view. It is wielding a +0 shortbow.
Something barely misses your howler monkey zombie.
Fire: a) +1 shortbow
Press: ? - help, Shift-Dir - straight line, f - centaur
Aim: a centaur, wielding a +0 shortbow (wandering, hasn't noticed you, 77% to hit)
You shoot an arrow. The centaur shouts!
The arrow hits the centaur but does no damage.
The centaur shoots an arrow.
The arrow hits you.
* * * LOW HITPOINT WARNING * * *
Something closely misses your howler monkey zombie.
The centaur shoots an arrow.
The arrow hits you!
You die...
Your body rises from the dead as a mindless zombie.

#Y #h #. #S###
#..#s#@##
#..##Z#.#
###...###c#
..#.#.....Z.#
...........##
##........#.#
#........$..+.
###....).....+.
####.##..)).....#


You could see a centaur (ally target) and a friendly howler monkey zombie.

Vanquished Creatures
  A phantom (D:4)
  A howler monkey (D:5)
  2 hounds (D:4)
  4 adders
  4 gnolls
  A worm (D:2)
  3 dart slugs
  10 orcs
  6 ball pythons
  5 endoplasms
  4 giant cockroaches
  5 goblins
  5 hobgoblins
  2 jackals (D:4)
  8 kobolds
  A quokka (D:4)
  3 bats
  6 frilled lizards
  A jackal zombie (D:4)
  5 rats
  A spectral orc (D:4)
78 creatures vanquished.

Vanquished Creatures (collateral kills)
  A dart slug (D:4)
  A jackal (D:4)
2 creatures vanquished.

Vanquished Creatures (others)
  4 orc zombies (D:5)
4 creatures vanquished.

Grand Total: 84 creatures vanquished

Notes
Turn   | Place    | Note
-------+----------+-------------------------------------------
     0 | D:1      | Newt the Kobold Hunter began the quest for the Orb.
     0 | D:1      | Reached XP level 1. HP: 12/12 MP: 1/1
    84 | D:1      | Reached XP level 2. HP: 17/17 MP: 2/2
   230 | D:1      | Reached XP level 3. HP: 4/21 MP: 3/3
   230 | D:1      | HP: 1/21 [rat (3)]
   585 | D:1      | Reached skill level 6 in Ranged Weapons
  1204 | D:2      | Found a faded altar of an unknown god.
  1359 | D:2      | Reached XP level 4. HP: 26/26 MP: 4/4
  1627 | D:2      | Found Vyuprit's Assorted Antiques.
  1797 | D:2      | Found Heocva's Magic Scroll Emporium.
  1801 | D:2      | Reached skill level 7 in Ranged Weapons
  1971 | D:2      | Bought 2 scrolls of identify for 40 gold pieces
  1971 | D:2      | Bought a scroll of identify for 20 gold pieces
  2183 | D:2      | Bought a scroll labelled HOASIU SUKHLA for 18 gold pieces
  2767 | D:3      | Found an iron altar of Okawaru.
  2945 | D:4      | Identified the +5 war axe of Xoar {speed, Fly rC+ Str+4
                  | SInv}
  2962 | D:4      | Reached XP level 5. HP: 30/30 MP: 5/5
  2983 | D:4      | Noticed a phantom
  2991 | D:4      | Killed a phantom
  2992 | D:4      | Reached skill level 8 in Ranged Weapons
  3370 | D:4      | Reached XP level 6. HP: 25/37 MP: 6/6
  3473 | D:4      | Found a basalt altar of Yredelemnul.
  3481 | D:4      | Became a worshipper of Yredelemnul the Dark
  3537 | D:4      | Reached * piety under Yredelemnul
  4042 | D:4      | Reached ** piety under Yredelemnul
  4085 | D:5      | Entered Level 5 of the Dungeon
  4097 | D:5      | Found a staircase to the Ecumenical Temple.
  4152 | D:5      | Found a large runed translucent door.
  4153 | D:5      | Found a large runed translucent door.
  4165 | D:5      | Reached skill level 5 in Fighting
  4170 | D:5      | Noticed an ice beast
  4180 | D:5      | Shot with an arrow by a centaur

Illustrated notes

Levels and vault maps discovered:
D:1:      dpeg_arrival_central, layout_basic, grunt_decor_junction
D:2:      layout_loops_corners, serial_shops, nicolae_shop_window_shopping,
          shop, ebering_ecumenical_altar_petrified, hangedman_glass_teeth
D:3:      layout_basic, kennysheep_okawaru_gauntlet
D:4:      layout_gridville, yredelemnul_forgotten_temple_becter,
          roderic_roman_lattice
D:5:      layout_cave_pools, minmay_temple_entry_glass, gup_sewer_entry_bubbles,
          serial_shops, shop, shop, shop_coins, minmay_hollow_rounded_squares

Skill      XL: |  1  2  3  4  5  6 |
---------------+-------------------+-----
Stealth        | 3 |  3.0
Ranged Weapons | 6 7 8 |  8.0
Fighting       | 3 5 |  5.0
Dodging        | |  2.5

Action                   |  1- 3 |  4- 6 || total
-------------------------+-------+-------++-------
 Fire: Shortbow          |    58 |   160 ||   218
Evoke: Wand              |       |     1 ||     1
  Use: Scroll            |     3 |     7 ||    10
       Potion            |       |     2 ||     2
Armor: Leather armour    |     3 |     9 ||    12
       Scale mail        |       |    59 ||    59
Dodge: Dodged            |    28 |    94 ||   122

Table legend: (Time is in decaauts)
 A = Elapsed time spent in this place.
 B = Non-inter-level travel time spent in this place.
 C = Inter-level travel time spent in this place.
 D = Time resting spent in this place.
 E = Time spent auto-exploring this place.
 F = Levels seen in this place.
 G = Mean time per level.
                   A        B        C        D        E       F      G
               +--------+--------+--------+--------+--------+-----+--------+
         Total |   4248 |   4124 |    124 |    714 |   2942 |   5 |  849.6 |
       Dungeon |   4248 |   4124 |    124 |    714 |   2942 |   5 |  849.6 |
               +--------+--------+--------+--------+--------+-----+--------+

Top non-repeatable levels by time:
     D:2: 1302 daAuts
     D:4: 1187 daAuts
     D:1: 1069 daAuts
     D:3: 579 daAuts
     D:5: 110 daAuts
